 Dungeon Crawl Stone Soup version 0.32-a0-470-g255bbe2f98 (webtiles) character file.

Game seed: 12746112371300557826

899 Kenran the Skirmisher (level 7, -4/51 (59) HPs)
             Began as a Minotaur Hedge Wizard on Feb 25, 2024.
             Was an Initiate of Hepliaklqana.
             Slain by a wight
             ... wielding a +5 spear
              (15 damage)
             ... on level 5 of the Dungeon.
             The game lasted 00:08:04 (4936 turns).

Kenran the Skirmisher (Minotaur Hedge Wizard)       Turns: 4936, Time: 00:08:04

HP:   -4/51 (59)    AC:  5    Str: 14    XL:     7   Next: 79%
MP:   9/9           EV: 11    Int: 11    God:    Hepliaklqana [......]
Gold: 257           SH:  0    Dex: 12    Spells: 9/10 levels left

rFire   . . .        a - +0 orcbow
rCold   . . .        (shield currently unavailable)
rNeg    . . .        f - +0 ring mail
rPois   .            c - +0 hat
rElec   .            (no cloak)
rCorr   .            (no gloves)
SInv    .            (no boots)
Will    .....        (no amulet)
Stlth   +            (no ring)
HPRegen 0.28/turn    (no ring)
MPRegen 0.11/turn

%: no passive effects
@: about to teleport, heavily drained
A: horns 2, retaliatory headbutt
a: Renounce Religion


You were on level 5 of the Dungeon.
You worshipped Hepliaklqana.
Hepliaklqana was noncommittal.
You visited 2 branches of the dungeon, and saw 7 of its levels.

You collected 318 gold pieces.
You spent 61 gold pieces at shops.

Inventory:

Hand Weapons
 a - a +0 orcbow (weapon)
 b - a +2 dagger of venom
Armour
 c - a +0 hat (worn)
 f - a +0 ring mail (worn)
Scrolls
 e - 3 scrolls of teleportation
 k - a scroll of revelation {unknown}
 n - a scroll of vulnerability {unknown}
 o - a scroll of acquirement {unknown}
 p - 2 scrolls of blinking {unknown}
 q - a scroll of torment {unknown}
 r - 3 scrolls of identify {@r1}
Potions
 d - 2 potions of magic
 g - 3 potions of cancellation {unknown}
 h - 2 potions of brilliance {unknown}
 i - 3 potions of mutation {unknown}
 j - 2 potions of might {unknown}
 l - 2 potions of attraction {unknown}
 m - 3 potions of curing {@q1}
 s - a potion of heal wounds {unknown}


   Skills:
 - Level 4.0 Fighting
 + Level 8.9 Ranged Weapons
 - Level 2.1 Dodging
 - Level 1.5 Stealth
 - Level 2.1 Spellcasting
 - Level 0.6 Conjurations
 - Level 0.6 Summonings
 - Level 0.6 Translocations


You had 9 spell levels left.
You knew the following spells:

 Your Spells              Type           Power      Damage    Failure   Level
a - Magic Dart            Conj           8%         1d3       43%         1

Your spell library contained the following spells:

 Spells                   Type           Power      Damage    Failure   Level
 Slow                     Hex            4%         N/A       52%         1
 Blink                    Tloc           4%         N/A       56%         2
 Call Imp                 Summ           4%         N/A       56%         2
 Cigotuvi's Dreadful Rot  Necr/Alch/Air  2%         N/A       65%         2
 Mercury Vapours          Alch/Air       2%         N/A       65%         2
 Mephitic Cloud           Conj/Alch/Air  1%         N/A       86%         3
 Freezing Cloud           Conj/Ice/Air   0%         6-21      100%        5


Dungeon Overview and Level Annotations

Branches:
Dungeon (6/15)             Temple (1/1) D:5

Altars:
Ashenzari
Dithmenos
Fedhas
Gozag
Hepliaklqana
Kikubaaqudgha
Makhleb
Nemelex Xobeh
Okawaru
Qazlal
Ru
Sif Muna
Trog
Uskayaw
Xom
Yredelemnul
Zin
The Shining One

Shops:
D:1 =   D:4 ?!

Annotations:
D:3 exclusion: downstairs
D:4 1 runed translucent door, Crazy Yiuf


Innate Abilities, Weirdness & Mutations

You have a pair of horns on your head.
You reflexively headbutt those who attack you in melee.


Message History

Done exploring.
There is an open door here.
There is an open door here.
There is a stone staircase leading down here.
You climb downwards.
You hear the sound of rushing water.
There is an entrance to a sewer on this level.
Hurry and find it before the portal rusts away!
The centaur shouts!
Found a ring mail.
Found a stone staircase leading up.
There is a stone staircase leading up here.
The centaur wields a +0 shortbow.
The centaur shoots an arrow.
The arrow barely misses you. The wight hits you with a +5 spear!
The wight closely misses you. You furiously retaliate!
You headbutt the wight.
You climb upwards.
There is a stone staircase leading down here.
You shoot an arrow. The arrow closely misses the wight.
The wight hits you with a +5 spear!
You feel drained. The wight hits you with a +2 dagger!
You shoot an arrow.
The arrow hits the wight but does no damage.
The wight is lightly damaged.
The wight hits you with a +5 spear!
You feel drained. The wight hits you with a +2 dagger!
* * * LOW HITPOINT WARNING * * *
You feel drained.
Press: ? - help, v - describe, . - travel A stone staircase leading down, spattered with blood.
Okay, then.
You feel better. The wight hits you with a +5 spear.
You feel drained. The wight hits you with a +2 dagger!
* * * LOW HITPOINT WARNING * * *
You feel drained.
* * * LOW HITPOINT WARNING * * *
You feel better. The wight hits you with a +5 spear.
* * * LOW HITPOINT WARNING * * *
The wight closely misses you.
As you read the scroll of teleportation, it crumbles to dust.
You feel strangely unstable. The wight hits you with a +5 spear!
You die...
Hepliaklqana delivers you to your ancestors.

..░.░...░.░..░..####..######...#.
..░.'..('.░..░........# ##.##.
..'░░░+░░░'..'.#####.### #.##.
..░.......░..░.........######.##.
..░..†....░..░##.###.#...........
░░'░░░'░░░'░░░ #.# #.###.###..###
...# #...#.# #.# #.###.###..#
#### ###...# #z###.)........#
###.# #@z.......##...### #.#
############.....) #.# #...###
#.# #..## #.# #..# #.# #..# #.#
###..## #.##############.....#
#....................###


You could see 2 wights.

Vanquished Creatures
  Eustachio (D:4)
  A black bear (D:4)
  An ogre (D:5)
  3 orc priests
  3 hounds
  An iguana (D:5)
  4 orc wizards
  10 gnolls (D:5)
  10 adders
  A shadow imp (D:5)
  A white imp (D:5)
  2 dart slugs (D:1)
  7 orcs
  7 endoplasms
  A giant cockroach (D:4)
  7 goblins
  7 hobgoblins
  2 jackals (D:3)
  2 quokkas (D:2)
  7 ball pythons
  3 bats
  2 frilled lizards
  3 kobolds
  9 rats
95 creatures vanquished.

Notes
Turn   | Place    | Note
-------+----------+-------------------------------------------
     0 | D:1      | Kenran the Minotaur Hedge Wizard began the quest for the
                  | Orb.
     0 | D:1      | Reached XP level 1. HP: 14/14 MP: 2/2
    77 | D:1      | Reached skill level 1 in Fighting
   177 | D:1      | Reached XP level 2. HP: 16/24 MP: 4/4
   277 | D:1      | Found Quce's Jewellery Emporium.
   702 | D:1      | Reached XP level 3. HP: 26/31 MP: 5/5
  1020 | D:2      | Found a glowing silver altar of Zin.
  1370 | D:3      | Reached skill level 1 in Ranged Weapons
  1395 | D:3      | Reached XP level 4. HP: 25/40 MP: 6/6
  1746 | D:3      | Reached skill level 2 in Ranged Weapons
  2513 | D:3      | Reached skill level 3 in Ranged Weapons
  2513 | D:3      | Reached XP level 5. HP: 44/46 MP: 7/7
  2529 | D:3      | Reached skill level 4 in Ranged Weapons
  2632 | D:4      | Noticed a black bear
  2765 | D:4      | Reached skill level 5 in Ranged Weapons
  2908 | D:4      | Noticed Eustachio
  2919 | D:4      | Killed Eustachio
  2920 | D:4      | Reached skill level 6 in Ranged Weapons
  2920 | D:4      | Reached XP level 6. HP: 46/52 MP: 8/8
  2995 | D:4      | Found Menext's Magic Scroll Shop.
  3003 | D:4      | Bought a scroll of identify for 28 gold pieces
  3268 | D:4      | Found Feusiav's Distillery.
  3275 | D:4      | Bought a potion of curing for 33 gold pieces
  3328 | D:4      | Reached skill level 7 in Ranged Weapons
  3328 | D:4      | Reached XP level 7. HP: 42/59 MP: 9/9
  3607 | D:4      | Found a runed translucent door.
  3608 | D:4      | Noticed Crazy Yiuf
  3809 | D:5      | Entered Level 5 of the Dungeon
  4131 | D:5      | Reached skill level 8 in Ranged Weapons
  4259 | D:5      | Found a staircase to the Ecumenical Temple.
  4458 | D:5      | Found an opulent altar of Gozag.
  4504 | Temple   | Entered the Ecumenical Temple
  4577 | Temple   | Became a worshipper of Hepliaklqana the Forgotten
  4729 | D:5      | Identified the -2 pair of gloves of Saghouta {Rampage rN+}
  4936 | D:5      | Slain by a wight

Illustrated notes

Levels and vault maps discovered:
D:1:      dpeg_arrival_stone_temple_mockup, layout_loops_ring, serial_shops,
          nicolae_shop_temple_entry_statues_fountains,
          chequers_serial_rivers_small_a, minmay_octomino_j4
D:2:      layout_rooms, basic_altar, serial_bayou, serial_bayou_crossing,
          serial_bayou_shore_b, serial_bayou_shore_b, serial_bayou_shore_a,
          serial_bayou_shore_b, minmay_misc_feat_enclosed,
          nicolae_figureground_pulse
D:3:      layout_loops_corners
D:4:      layout_loops_ring, serial_shops, shop, shop, uniq_eustachio,
          uniq_crazy_yiuf_cottage
D:5:      layout_loops_ring, mainiacjoe_overflow_24_doors,
          minmay_temple_entry_purple_smoke
D:6:      layout_cave_pools, gup_sewer_entry_bowl
Temple:   minmay_temple_bridge_d

Skill      XL: |  1  2  3  4  5  6  7 |
---------------+----------------------+-----
Fighting       | 2 3 4 |  4.0
Ranged Weapons | 1 3 6 7 8 |  8.9
Dodging        | |  2.1
Stealth        | |  1.5
Spellcasting   | |  2.1
Conjurations   | |  0.6
Summonings     | |  0.6
Translocations | |  0.6

Action                     |  1- 3 |  4- 6 |  7- 9 || total
---------------------------+-------+-------+-------++-------
  Melee: Club              |    51 |       |       ||    51
         Headbutt          |    12 |    10 |     8 ||    30
         Dagger            |    21 |    58 |    36 ||   115
   Fire: Sling             |    45 |    81 |    39 ||   165
         Orcbow            |       |       |    25 ||    25
    Use: Scroll            |       |     2 |     1 ||     3
         Potion            |       |       |     2 ||     2
   Stab: Sleeping          |     1 |       |       ||     1
 Armour: Robe              |    10 |       |       ||    10
         Ring mail         |    40 |    83 |    39 ||   162
  Dodge: Dodged            |    60 |    49 |    31 ||   140

Table legend: (Time is in decaauts)
 A = Elapsed time spent in this place.
 B = Non-inter-level travel time spent in this place.
 C = Inter-level travel time spent in this place.
 D = Time resting spent in this place.
 E = Time spent auto-exploring this place.
 F = Levels seen in this place.
 G = Mean time per level.
                   A        B        C        D        E       F      G
               +--------+--------+--------+--------+--------+-----+--------+
         Total |   5029 |   4649 |    380 |    919 |   2771 |   7 |  718.4 |
       Dungeon |   4882 |   4647 |    235 |    919 |   2771 |   6 |  813.7 |
        Temple |    146 |      2 |    144 |      0 |      0 |   1 |  146.0 |
               +--------+--------+--------+--------+--------+-----+--------+

Top non-repeatable levels by time:
     D:3: 1303 daAuts
     D:4: 1184 daAuts
     D:5: 979 daAuts
     D:1: 792 daAuts
     D:2: 621 daAuts
  Temple: 146 daAuts
     D:6: 1 daAuts
